 Dungeon Crawl Stone Soup version 0.30-a0-393-g54b8e3be05 (webtiles) character file.

Game seed: 7994489025454989052

5 PimpSugar the Magician (level 1, -1/13 HPs)
             Began as a Demonspawn Hedge Wizard on Dec 6, 2022.
             Slain by a quokka (2 damage)
             ... on level 1 of the Dungeon.
             The game lasted 00:00:29 (307 turns).

PimpSugar the Magician (Demonspawn Hedge Wizard)     Turns: 307, Time: 00:00:30

Health: -1/13      AC:  2    Str: 10    XL:     1   Next: 66%
Magic:  0/4        EV: 12    Int: 15    God:
Gold:   8          SH:  0    Dex: 12    Spells: 5/6 levels left

rFire   . . .      SeeInvis .    a - +0 dagger
rCold   . . .      Faith    .    (no shield)
rNeg    . . .      Spirit   .    b - +0 robe
rPois   .          Reflect  .    c - +0 hat
rElec   .          Harm     .    (no cloak)
rCorr   .          Rampage  .    (no gloves)
Will    .....                    (no boots)
Stlth   ++........               (no amulet)
HPRegen 0.22/turn                (no ring)
MPRegen 0.09/turn                (no ring)

@: no status effects
A: no striking features
a: no special abilities


You were on level 1 of the Dungeon.
You visited 1 branch of the dungeon, and saw 1 of its levels.

You collected 8 gold pieces.

Inventory:

Hand Weapons
 a - a +0 dagger (weapon)
Armour
 b - a +0 robe (worn)
 c - a +0 hat (worn)
Potions
 d - a potion of magic


   Skills:
 + Level 0.1 Fighting
 + Level 1.8 Dodging
 + Level 1.9 Stealth
 * Level 3.0 Spellcasting
 + Level 1.1 Conjurations
 + Level 1.0 Summonings
 + Level 1.0 Translocations


You had 5 spell levels left.
You knew the following spells:

 Your Spells              Type           Power      Damage    Failure   Level
a - Magic Dart            Conj           20%        1d4       13%         1

Your spell library contained the following spells:

 Spells                   Type           Power      Damage    Failure   Level
 Call Imp                 Summ           5%         N/A       19%         2
 Slow                     Hex            8%         N/A       21%         1
 Blink                    Tloc           10%        N/A       21%         2
 Cigotuvi's Dreadful Rot  Necr/Pois/Air  4%         N/A       30%         2
 Mephitic Cloud           Conj/Pois/Air  3%         N/A       45%         3


Dungeon Overview and Level Annotations

Branches:
Dungeon (1/15)

Altars:


Message History

The kobold shouts!
A quokka comes into view.
A rat comes into view.
The kobold hits you with a +0 whip.
You hit the kobold but do no damage. The kobold completely misses you.
You barely miss the kobold. The kobold hits you with a +0 whip.
You hit the kobold but do no damage. The kobold hits you but does no damage.
The quokka attacks as you move away! The quokka bites you.
The kobold barely misses you. The quokka bites you.
The kobold attacks as you move away! The kobold hits you with a +0 whip.
The quokka attacks as you move away! The quokka bites you.
* * * LOW HITPOINT WARNING * * *
Casting: Magic Dart (safe; 13% risk of failure)
Confirm with . or Enter, or press ? or * to list all spells.
Aiming: Magic Dart (safe; 13% risk of failure)
Press: ? - help, Shift-Dir - straight line, f/p - kobold
Aim: a kobold, wielding a +0 whip (100% to hit)
The magic dart hits the kobold.
The kobold is severely wounded.
The kobold hits you with a +0 whip.
* * * LOW HITPOINT WARNING * * *
Casting: Magic Dart (safe; 13% risk of failure)
Confirm with . or Enter, or press ? or * to list all spells.
Aiming: Magic Dart (safe; 13% risk of failure)
Press: ? - help, Shift-Dir - straight line, f/p - kobold
Aim: a kobold, wielding a +0 whip (severely wounded, 100% to hit)
The magic dart hits the kobold.
You kill the kobold!
Casting: Magic Dart (safe; 13% risk of failure)
Confirm with . or Enter, or press ? or * to list all spells.
Aiming: Magic Dart (safe; 13% risk of failure)
Press: ? - help, Shift-Dir - straight line, f - quokka
Aim: a quokka (100% to hit)
The magic dart hits the quokka but does no damage.
The quokka bites you.
* * * LOW HITPOINT WARNING * * *
Unknown command.
The quokka attacks as you move away! The quokka closely misses you.
The quokka bites you.
You die...

#####
##########......
###
#....@rr........
##.##
#.######.#.#####
##...## #.#
......
##.....###.#
.....###
#..........#
##...##
##.....#####
##.## ##...##
#.# ##.## #.#
##.##


You could see a quokka and a rat.

Vanquished Creatures
  2 bats (D:1)
  An endoplasm (D:1)
  A hobgoblin (D:1)
  A kobold (D:1)
5 creatures vanquished.

Notes
Turn   | Place    | Note
-------+----------+-------------------------------------------
     0 | D:1      | PimpSugar the Demonspawn Hedge Wizard began the quest for
                  | the Orb.
     0 | D:1      | Reached XP level 1. HP: 13/13 MP: 4/4
   243 | D:1      | Reached skill level 1 in Translocations
   307 | D:1      | Slain by a quokka

Illustrated notes

Levels and vault maps discovered:
D:1:      saegor_arrival_under_anarchy, layout_loops_corners

Skill      XL: |  1 |
---------------+----+-----
Translocations | 1 |  1.0
Fighting       | |  0.1
Dodging        | |  1.8
Stealth        | |  1.9
Spellcasting   | |  3.0
Conjurations   | |  1.1
Summonings     | |  1.0

Action                   || total
-------------------------++-------
Melee: Dagger            ||     5
 Cast: Magic Dart        ||    11
Armor: Robe              ||     1
Dodge: Dodged            ||     5

Table legend: (Time is in decaauts)
 A = Elapsed time spent in this place.
 B = Non-inter-level travel time spent in this place.
 C = Inter-level travel time spent in this place.
 D = Time resting spent in this place.
 E = Time spent auto-exploring this place.
 F = Levels seen in this place.
 G = Mean time per level.
                   A        B        C        D        E       F      G
               +--------+--------+--------+--------+--------+-----+--------+
         Total |    307 |    307 |      0 |      0 |    268 |   1 |  307.0 |
       Dungeon |    307 |    307 |      0 |      0 |    268 |   1 |  307.0 |
               +--------+--------+--------+--------+--------+-----+--------+

Top non-repeatable levels by time:
     D:1: 307 daAuts
